 Dungeon Crawl Stone Soup version 0.28.0-53-g5a82cb258f (webtiles) character file.

Game seed: 3186258818193997740

133 MisterFreud the Conjurer (level 5, -2/31 HPs)
             Began as an Octopode Conjurer on June 5, 2022.
             Killed from afar by an orc wizard (5 damage)
             ... with a puff of flame
             ... on level 3 of the Dungeon.
             The game lasted 00:04:34 (2231 turns).

MisterFreud the Conjurer (Octopode Conjurer)        Turns: 2231, Time: 00:04:34

Health: -2/31      AC:  1    Str:  7    XL:     5   Next: 16%
Magic:  7/8        EV: 13    Int: 28    God:
Gold:   32         SH:  0    Dex: 10    Spells: 5/8 levels left

rFire   . . .      SeeInvis .   f - +2 whip (venom)
rCold   . . .      Faith    .   (no shield)
rNeg    . . .      Spirit   .   (helmet restricted)
rPois   .          Reflect  .   (no amulet)
rElec   .          Harm     .   b - ring of resist corrosion
rCorr   +          Rampage  .   l - +6 ring of intelligence
Will    .....                   (no ring)
Stlth   +++.......              (no ring)
HPRegen 0.10/turn               (no ring)
MPRegen 0.11/turn               (no ring)
                                (no ring)
                                (no ring)

@: no status effects
A: almost no armour, amphibious, 8 rings, camouflage 1, gelatinous body 1,
(nimble swimmer 1), tentacles
a: no special abilities


You were on level 3 of the Dungeon.
You visited 1 branch of the dungeon, and saw 3 of its levels.

You collected 32 gold pieces.

Inventory:

Hand Weapons
 a - a +0 hunting sling of flaming
 f - a +2 whip of venom (weapon)
Missiles
 c - 2 poisoned darts
 h - 173 stones
 k - 7 boomerangs
Jewellery
 b - a ring of resist corrosion (left tentacle)
 d - a +4 ring of evasion
 l - a +6 ring of intelligence (right tentacle)
Scrolls
 e - 2 scrolls of identify
 g - a scroll of blinking {unknown}
 i - 2 scrolls of teleportation


   Skills:
 + Level 2.3 Dodging
 - Level 3.0 Stealth
 - Level 2.1 Spellcasting
 - Level 6.0 Conjurations


You had 5 spell levels left.
You knew the following spells:

 Your Spells              Type           Power      Damage    Failure   Level
a - Magic Dart            Conj           100%       1d8       1%          1
b - Searing Ray           Conj           72%        2d7       1%          2

Your spell library contained the following spells:

 Spells                   Type           Power      Damage    Failure   Level
 Dazzling Flash           Conj/Hex       38%        N/A       8%          3
 Fulminant Prism          Conj/Hex       9%         3d7       26%         4
 Iskenderun's Mystic Bla  Conj/Tloc      19%        2d6       26%         4
 Summon Forest            Summ/Tloc      1%         N/A       94%         5
 Eringya's Noxious Bog    Tmut/Pois      1%         N/A       100%        6
 Summon Hydra             Summ           1%         N/A       100%        7
 Chain Lightning          Conj/Air       9%         3d12      100%        9
 Fire Storm               Conj/Fire      9%         8d3       100%        9
 Shatter                  Erth           1%         3d6*      100%        9


Dungeon Overview and Level Annotations

Branches:
Dungeon (3/15)

Altars:
Zin

Shops:
D:2 !


Innate Abilities, Weirdness & Mutations

You cannot wear most types of armour.
You are amphibious.
You can wear up to eight rings at the same time.
Your skin changes colour to match your surroundings (Stealth+).
Your rubbery body absorbs attacks. (AC +1, EV +1)
((You are camouflaged when in or above water. (Stealth+)))
You have tentacles for arms and can constrict up to eight enemies at once.


Message History

The orc shouts!
The orc hits you with a +0 war axe. The orc hits you with a +0 trident.
The orc misses you. The orc misses you.
You see here a hound corpse.
You hit the orc.
You kill the orc!
The magic dart hits the orc.
The orc is lightly wounded.
The orc hits you from afar with a +0 trident.
The magic dart hits the orc.
The orc is heavily wounded.
The orc hits you from afar with a +0 trident!
You closely miss the orc wizard. Your grab misses the orc wizard.
Your squeeze misses the orc wizard. The orc barely misses you.
The orc wizard completely misses you.
Unknown command.
You hit the orc wizard. Your grab misses the orc wizard.
The orc wizard is moderately wounded.
The orc hits you from afar with a +0 trident.
* * * LOW HITPOINT WARNING * * *
The orc wizard misses you. The orc closely misses you.
You miss the orc wizard. Your grab misses the orc wizard.
The orc wizard is moderately wounded.
The orc wizard hits you with a +0 dagger.
* * * LOW HITPOINT WARNING * * *
The orc barely misses you.
The orc wizard mumbles some strange words.
The orc wizard flickers and vanishes!
A magic dart appears from out of thin air!
The magic dart hits you.
* * * LOW HITPOINT WARNING * * *
A magic dart appears from out of thin air!
The magic dart hits something.
A kobold comes into view. It is wielding a +0 club.
Found 12 gold pieces.
Found 17 gold pieces.
A puff of flame appears from out of thin air!
The puff of flame hits you.
You die...

##########.#....####.
.....................
#####.....#....###.)
#### #{#####....####.
###...##.######........
#....$.#...............
##..$...................
........................
#K....@....../....####S
#......##########.# #.
#......# ####.# ##
#......# #....#####
#......# #.........
#......# #.........
######## #.........
#......... ##.........


You could see a kobold (asleep).

Vanquished Creatures
  A hound (D:3)
  Jessica (D:2)
  An adder (D:2)
  2 dart slugs
  4 orcs (D:3)
  3 ball pythons
  3 bats
  4 endoplasms
  4 giant cockroaches
  6 goblins
  11 hobgoblins
  3 jackals (D:1)
  4 frilled lizards
  5 kobolds
  3 rats
55 creatures vanquished.

Notes
Turn   | Place    | Note
-------+----------+-------------------------------------------
     0 | D:1      | MisterFreud the Octopode Conjurer began the quest for the
                  | Orb.
     0 | D:1      | Reached XP level 1. HP: 11/11 MP: 3/3
   140 | D:1      | Found a faded altar of an unknown god.
   191 | D:1      | Reached XP level 2. HP: 11/17 MP: 0/5
   672 | D:1      | Reached XP level 3. HP: 21/21 MP: 2/6
  1092 | D:2      | Noticed Jessica
  1178 | D:2      | Killed Jessica
  1179 | D:2      | Reached skill level 5 in Conjurations
  1179 | D:2      | Reached XP level 4. HP: 27/27 MP: 1/7
  1282 | D:2      | Found Ejittain's Distillery.
  1356 | D:2      | Found a glowing silver altar of Zin.
  1483 | D:2      | Learned a level 2 spell: Searing Ray
  1825 | D:3      | Noticed a water moccasin
  1842 | D:3      | HP: 1/27 [poisoned by a water moccasin]
  2124 | D:3      | Reached skill level 6 in Conjurations
  2124 | D:3      | Reached XP level 5. HP: 28/31 MP: 6/8
  2231 | D:3      | Killed from afar by an orc wizard

Illustrated notes

Levels and vault maps discovered:
D:1:      dpeg_arrival_long_road, layout_basic,
          hellmonk_ecumenical_altar_slurped_away
D:2:      layout_basic, basic_altar, serial_shops, nicolae_shop_trees,
          uniq_jessica
D:3:      layout_basic

Skill      XL: |  1  2  3  4 |
---------------+-------------+-----
Stealth        | 3 |  3.0
Conjurations   | 5 6 |  6.0
Dodging        | |  2.3
Spellcasting   | |  2.1

Action                   |  1- 3 |  4- 6 || total
-------------------------+-------+-------++-------
Melee: Unarmed           |     6 |       ||     6
       Constrict         |     4 |     3 ||     7
       Tentacles         |     2 |     3 ||     5
       Whip              |     7 |    17 ||    24
 Cast: Magic Dart        |    58 |    40 ||    98
  Use: Potion            |       |     3 ||     3
       Scroll            |       |     1 ||     1
 Stab: Sleeping          |       |     3 ||     3
Armor: Skin              |       |     9 ||     9
Dodge: Dodged            |    11 |    37 ||    48
